 Dungeon Crawl Stone Soup version 0.24.0-13-gcf9b3192b9 (webtiles) character file.

Game seed: 3723668659289822688, levelgen mode: deterministic

1775 Gumption the Firebug (level 8, 0/59 HPs)
             Began as a Yellow Draconian Fire Elementalist on Nov 6, 2019.
             Was an Initiate of Sif Muna.
             Slain by Prince Ribbit (16 damage)
             ... on level 7 of the Dungeon.
             The game lasted 01:06:27 (8518 turns).

Gumption the Firebug (DrFE)                         Turns: 8518, Time: 01:06:28

Health: 0/59       AC:  6    Str: 10    XL:     8   Next: 80%
Magic:  1/15       EV: 12    Int: 17    God:    Sif Muna [......]
Gold:   207        SH:  0    Dex: 13    Spells: 3/16 levels left

rFire    + + .     SeeInvis .   w - staff of conjuration
rCold    + + .     Gourm    .   (no shield)
rNeg     . . .     Faith    .   (armour unavailable)
rPois    .         Spirit   .   (helmet restricted)
rElec    .         Reflect  .   t - scarf {rC+ rF+}
rCorr    +         Harm     .   (no gloves)
MR       .....                  (no boots)
Stlth    ++........             (no amulet)
HPRegen  0.19/turn              i - ring of protection from cold
MPRegen  0.14/turn              B - ring of protection from fire

@: very slightly contaminated
A: spit acid, unfitting armour, cold-blooded, acid resistance, AC +6
a: Breathe Acid, Renounce Religion


You were on level 7 of the Dungeon.
You worshipped Sif Muna.
Sif Muna was noncommittal.
You were very hungry.

You visited 2 branches of the dungeon, and saw 8 of its levels.

You collected 243 gold pieces.
You spent 36 gold pieces at shops.

Inventory:

Hand Weapons
 a - a +0 dagger of venom
 b - a +0 shortbow of freezing
 v - a +0 hunting sling
Missiles
 g - 259 stones (quivered)
 k - 35 poisoned darts
 o - 27 sling bullets
 q - 4 silver boomerangs
 z - 2 boomerangs
 A - 48 arrows
 D - 2 silver javelins
Armour
 j - a +0 large shield
 t - a scarf of resistance (worn)
Magical Staves
 w - an uncursed staff of conjuration (weapon)
Jewellery
 c - an uncursed ring of protection from magic {unknown}
 i - a ring of protection from cold (left hand)
 n - an uncursed ring of poison resistance {unknown}
 y - an uncursed ring of protection from cold
 B - a ring of protection from fire (right hand)
Wands
 f - a wand of clouds (4)
 F - a wand of random effects (14)
 G - a wand of flame (10)
Scrolls
 p - a scroll of magic mapping {unknown}
 r - a scroll of fog
 s - 2 scrolls of teleportation
 u - a scroll of remove curse {unknown}
 H - a scroll of enchant armour {unknown}
 J - a scroll of fear {unknown}
Potions
 d - 2 potions of brilliance
 h - 2 potions of mutation
 l - a potion of ambrosia
 m - 5 potions of curing
 x - a potion of lignification
 C - 2 potions of agility
 I - a potion of haste
 K - a potion of heal wounds {unknown}
Comestibles
 e - 17 rations


   Skills:
 + Level 1.0 Fighting
 - Level 1.7 Dodging
 - Level 1.7 Stealth
 + Level 4.9 Spellcasting
 * Level 7.1 Conjurations
 * Level 7.7 Fire Magic
 + Level 0.9 Invocations


You had 3 spell levels left.
You knew the following spells:

 Your Spells              Type           Power        Failure   Level  Hunger
a - Flame Tongue          Conj/Fire      #####        1%          1    None
b - Conjure Flame         Conj/Fire      #####...     1%          3    ###....
c - Sticky Flame          Conj/Fire      #####...     7%          4    ####...
d - Fireball              Conj/Fire      #####.....   19%         5    ######.

Your spell library contained the following spells:

 Spells                   Type           Power        Failure   Level  Hunger
 Throw Flame              Conj/Fire      #####.       1%          2    #......
 Inner Flame              Hex/Fire       ###.....     9%          3    ###....


Dungeon Overview and Level Annotations

Branches:
Dungeon (7/15)             Temple (1/1) D:5

Altars:
Dithmenos
Elyvilon
Fedhas
Gozag
Hepliaklqana
Kikubaaqudgha
Makhleb
Nemelex Xobeh
Okawaru
Qazlal
Sif Muna
Trog
Uskayaw
Vehumet
Wu Jian
Xom
Yredelemnul
Zin
Beogh

Shops:
D:4 !

Annotations:
D:7 Prince Ribbit


Innate Abilities, Weirdness & Mutations

You can spit globs of acid.
Your golden yellow scales are hard. (AC +6)
You cannot fit into any form of body armour.
You are cold-blooded and may be slowed by cold attacks.
You are resistant to acid. (rCorr)


Message History

You feel a surge of power!
The sticky flame hits Prince Ribbit!
Prince Ribbit is lightly wounded.
Prince Ribbit is covered in liquid flames!
You are feeling very hungry.
Prince Ribbit burns!
Prince Ribbit hits you!
Prince Ribbit burns!
Prince Ribbit burns!
Prince Ribbit stops burning.
Prince Ribbit hits you!
* * * LOW HITPOINT WARNING * * *
The orc hits you but does no damage. Prince Ribbit misses you.
Casting: Sticky Flame (safe; 7% risk of failure)
Confirm with . or Enter, or press ? or * to list all spells.
Aiming: Sticky Flame (safe; 7% risk of failure)
Press: ? - help, Shift-Dir - straight line, f/p - Prince Ribbit
Aim: Prince Ribbit (heavily wounded)
You feel a surge of power!
The sticky flame hits Prince Ribbit!
Prince Ribbit is heavily wounded.
Prince Ribbit is covered in liquid flames!
Prince Ribbit burns!
Prince Ribbit hits you!
You die...

##........## #.........#
#..........# #.........####
#.......<..# #............
#..........####..........#
#..........##........#...#
#..........##..........#
##....................######..
#.....>......................#
#..........##..@F....?..###..
#.......<..##...o....##...#
#..........##.........###...#
#..........##########.# ..#
##........## .# ... ##......##
.# .. ####..## .. # #####..#
## #..>...#


You could see Prince Ribbit (burning) and an orc.

Vanquished Creatures
  A phantom (D:7)
  A sky beast (D:5)
  An ogre (D:5)
  3 centaurs
  The ghost of dracomuter the Magician, an amateur DsWz of Vehumet (D:3)
  A bullfrog (D:6)
  A scorpion (D:6)
  A killer bee (D:6)
  2 howler monkeys (D:5)
  A centaur zombie (D:6)
  2 crimson imps (D:5)
  2 bullfrog skeletons
  A centaur skeleton (D:4)
  An orc priest (D:4)
  Crazy Yiuf (D:6)
  2 jellies
  3 orc wizards
  Ijyb (D:5)
  Terence (D:3)
  Jessica (D:3)
  5 iguanas
  2 worker ants
  A hound zombie (D:5)
  A worker ant zombie (D:6)
  A gnoll (D:1)
  A howler monkey skeleton (D:4)
  15 adders
  A shadow imp (D:6)
  2 oozes
  An adder skeleton (D:4)
  A worm (D:3)
  A dart slug (D:3)
  3 leopard geckos
  17 orcs
  7 giant cockroaches
  2 gnoll zombies (D:3)
  6 goblins
  7 hobgoblins
  2 jackals (D:5)
  6 quokkas
  6 ball pythons
  9 bats
  7 frilled lizards
  12 kobolds
  A leopard gecko skeleton (D:6)
  A quokka skeleton (D:6)
  5 rats
151 creatures vanquished.

Notes
Turn   | Place    | Note
-------+----------+-------------------------------------------
     0 | D:1      | Gumption the Draconian Fire Elementalist began the quest
                  | for the Orb.
     0 | D:1      | Reached XP level 1. HP: 14/14 MP: 3/3
   361 | D:1      | Reached XP level 2. HP: 9/20 MP: 0/5
  1111 | D:1      | Reached XP level 3. HP: 26/26 MP: 2/6
  1921 | D:2      | Reached XP level 4. HP: 21/33 MP: 3/7
  2090 | D:2      | Found an ornate altar of the Wu Jian Council.
  2284 | D:2      | Learned a level 3 spell: Conjure Flame
  2289 | D:2      | Learned a level 4 spell: Sticky Flame
  2480 | D:3      | Noticed Jessica
  2487 | D:3      | Killed Jessica
  2617 | D:3      | Found a radiant altar of Vehumet.
  2787 | D:3      | Reached XP level 5. HP: 38/38 MP: 5/9
  3266 | D:3      | Found an opulent altar of Gozag.
  3286 | D:3      | Found a runed translucent gate.
  3286 | D:3      | Noticed dracomuter's ghost (amateur DsWz)
  3289 | D:3      | Noticed Terence
  3303 | D:3      | Killed Terence
  3389 | D:3      | Identified the cursed +1 scale mail of Terror {Dex+2}
  3464 | D:3      | Found a basalt altar of Yredelemnul.
  3653 | D:3      | Found a runed translucent gate.
  3654 | D:3      | Found a runed translucent gate.
  3660 | D:3      | Found a roughly hewn altar of Beogh.
  3764 | D:3      | Killed dracomuter's ghost
  3764 | D:3      | Reached skill level 5 in Fire Magic
  3764 | D:3      | Reached XP level 6. HP: 3/45 MP: 0/10
  4590 | D:4      | Found a hide-covered altar of Uskayaw.
  5026 | D:4      | Found a sparkling altar of Nemelex Xobeh.
  5259 | D:4      | Your scales start taking on a golden yellow colour.
  5259 | D:4      | Reached XP level 7. HP: 50/50 MP: 10/12
  5259 | D:4      | Gained mutation: You are resistant to acid. (rCorr) [Yellow
                  | Draconian growth]
  5362 | D:4      | Found Qooq Vej's Distillery.
  5365 | D:4      | Bought a potion of curing for 36 gold pieces
  5574 | D:4      | Learned a level 5 spell: Fireball
  5626 | D:5      | Entered Level 5 of the Dungeon
  5665 | D:5      | Reached skill level 5 in Conjurations
  6036 | D:5      | Found a bloodstained altar of Trog.
  6131 | D:5      | Found a staircase to the Ecumenical Temple.
  6164 | Temple   | Entered the Ecumenical Temple
  6406 | Temple   | Became a worshipper of Sif Muna the Loreminder
  7032 | D:5      | Noticed Ijyb
  7036 | D:5      | Killed Ijyb
  7094 | D:5      | Reached XP level 8. HP: 46/57 MP: 9/14
  7914 | D:6      | Found a shimmering altar of Xom.
  7914 | D:6      | Found a glowing silver altar of Zin.
  7914 | D:6      | Noticed an angel
  8023 | D:6      | Found a runed translucent door.
  8024 | D:6      | Noticed Crazy Yiuf
  8031 | D:6      | Killed Crazy Yiuf
  8386 | D:7      | Reached skill level 1 in Fighting
  8505 | D:7      | Noticed Prince Ribbit
  8518 | D:7      | Slain by Prince Ribbit

Levels and vault maps discovered:
D:1:      minmay_arrival_radiant_lines, layout_loops_corners,
          minmay_tiny_reverse_x
D:2:      layout_rooms, nicolae_overflow_hidden_temple
D:3:      layout_loops_ring, fiery_altar_vehumet, grunt_gozag_statues,
          lemuel_zombie_altar_yredelemnul, biasface_ghost_orc_armoury,
          minmay_snake_closets, uniq_terence, uniq_jessica
D:4:      layout_loops_ring, overflow_temple_1_default, lemuel_doored_altar,
          serial_shops, nicolae_shop_behind_doors, minmay_crystal_room,
          kennysheep_generic_room_14
D:5:      layout_loops_ring, overflow_temple_1_default, temple_green,
          first_ration, kennysheep_generic_room_4, uniq_ijyb
D:6:      layout_rooms, grunt_temple_overflow_order_and_chaos_1,
          uniq_crazy_yiuf_cottage
D:7:      layout_rooms, lemuel_crystal_altar, serial_shops, shop,
          uniq_prince_ribbit1
Temple:   jpeg_temple_island

Skill      XL: |  1  2  3  4  5  6  7  8 |
---------------+-------------------------+-----
Conjurations   | 2 3 4 6 7 |  7.1
Fire Magic     | 4 5 6 7 |  7.7
Spellcasting   | 3 4 |  4.9
Fighting       | 1 |  1.0
Dodging        | |  1.7
Stealth        | |  1.7
Invocations    | |  0.9

Action                   |  1- 3 |  4- 6 |  7- 9 || total
-------------------------+-------+-------+-------++-------
Melee: Unarmed           |     2 |       |       ||     2
       Dagger            |    51 |       |    31 ||    82
       Tailslap          |     5 |     6 |     5 ||    16
       Short sword       |       |    78 |       ||    78
       Staff             |       |     1 |     3 ||     4
 Fire: Hunting sling     |       |    63 |       ||    63
       Shortbow          |       |       |    15 ||    15
Throw: Stone             |     4 |       |     4 ||     8
       Dart              |       |    10 |       ||    10
       Boomerang         |       |     1 |       ||     1
 Cast: Flame Tongue      |    52 |   120 |   129 ||   301
       Sticky Flame      |       |       |    10 ||    10
       Conjure Flame     |       |       |     3 ||     3
  Use: Scroll            |       |     3 |     4 ||     7
       Potion            |       |     5 |       ||     5
 Stab: Sleeping          |       |     1 |       ||     1
  Eat: Chunk             |     2 |     9 |    11 ||    22
       Ration            |       |     1 |       ||     1
Armor: Skin              |    37 |    34 |    27 ||    98
Dodge: Dodged            |    64 |    89 |    66 ||   219
